 Dungeon Crawl Stone Soup version 0.28-a0-245-g639a1a48b9 (webtiles) character file.

Game seed: 14219089392309375220

140 jial666 the Ruffian (level 5, 0/53 HPs)
             Began as a Troll Berserker on Aug 24, 2021.
             Was a Believer of Trog.
             Slain by a goblin (5 damage)
             ... led by Robin
             ... on level 3 of the Dungeon.
             The game lasted 00:16:31 (1830 turns).

jial666 the Ruffian (Troll Berserker)               Turns: 1830, Time: 00:16:32

Health: 0/53       AC:  4    Str: 26    XL:     5   Next: 2%
Magic:  4/4        EV: 10    Int:  3    God:    Trog [**....]
Gold:   114        SH:  0    Dex:  9    Spells: 4/4 levels left

rFire   . . .      SeeInvis .     - Unarmed
rCold   . . .      Faith    .   (no shield)
rNeg    . . .      Spirit   .   a - +0 animal skin
rPois   .          Reflect  .   (helmet restricted)
rElec   .          Harm     .   (no cloak)
rCorr   .          Rampage  .   (gloves unavailable)
Will    .....                   (boots unavailable)
Stlth   +.........              (no amulet)
HPRegen 1.17/turn               (no ring)
MPRegen 0.09/turn               (no ring)

@: on berserk cooldown, slowed, very slow
A: large, unfitting armour, claws 3, regeneration 1, shaggy fur 1, tough skin 1
a: Renounce Religion, Berserk, Trog's Hand


You were on level 3 of the Dungeon.
You worshipped Trog.
Trog was pleased with you.
You visited 1 branch of the dungeon, and saw 3 of its levels.

You collected 114 gold pieces.

Inventory:

Hand Weapons
 g - a +0 dagger
 h - a +0 short sword
 m - a +0 dagger
Missiles
 f - 17 arrows
 i - 29 stones
Armour
 a - a +0 animal skin (worn)
 c - a +0 scale mail
 j - a +0 pair of boots
 p - a +2 robe of fire resistance
Scrolls
 d - a scroll of teleportation {unknown}
 e - 2 scrolls of identify {unknown}
 k - a scroll of summoning {unknown}
 n - a scroll of noise {unknown}
Potions
 b - a potion of invisibility {unknown}
 l - 2 potions of haste {unknown}
 o - a potion of cancellation {unknown}


   Skills:
 + Level 3.2 Fighting
 + Level 3.3 Dodging
 + Level 4.2 Unarmed Combat


You had 4 spell levels left.
You didn't know any spells.
Your spell library contained the following spells:

 Spells                   Type           Power      Damage    Failure   Level
 Corona                   Hex            0%         N/A       52%         1


Dungeon Overview and Level Annotations

Branches:
Dungeon (3/15)

Altars:
Sif Muna


Innate Abilities, Weirdness & Mutations

You are too large for most types of armour.
You have claws for hands.
Your natural rate of healing is unusually fast.
You are covered in fur. (AC +1)
You have tough skin. (AC +1)


Message History

You are exhausted.
You feel yourself slow down.
Items here: )))).
You claw Robin!
Robin is severely wounded.
Robin hits you with a +0 short sword. The goblin barely misses you.
The goblin unwields a +0 hunting sling.
The goblin wields a +0 club.
The goblin hits you with a +0 club. Robin closely misses you.
You scratch Robin.
Robin is severely wounded.
The goblin hits you with a +0 dagger. The goblin hits you with a +0 club.
You scratch Robin.
Robin is almost dead.
The goblin hits you with a +0 dagger. The goblin misses you.
The goblin hits you with a +0 dagger.
You claw Robin!
You kill Robin!
Trog accepts your kill.
The goblin no longer looks unusually strong.
The goblin hits you with a +0 club. The goblin hits you but does no damage.
The goblin hits you with a +0 club.
You have reached level 5!
You claw the goblin!
You kill the goblin!
Trog accepts your kill. The goblin hits you with a +0 club.
* * * LOW HITPOINT WARNING * * *
You scratch the goblin.
The goblin is moderately wounded.
The goblin hits you with a +0 mace!
* * * LOW HITPOINT WARNING * * *
The goblin hits you with a +0 club.
* * * LOW HITPOINT WARNING * * *
The goblin barely misses you.
You barely miss the goblin.
The goblin is moderately wounded.
The goblin hits you with a +0 club.
* * * LOW HITPOINT WARNING * * *
The goblin barely misses you. The goblin hits you with a +0 club.
You die...

# ## #.... .#.# ...
######.## ###.......#
. ..........####
####(..
.............##g......
..........##.g@)......
.......)...####.......
...........# ####.).
###....†...# .
##.##....# # #.##.##.#
.. ##.......#
#......##.####
...###.##.#


You could see 2 goblins.

Vanquished Creatures
  2 orc wizards (D:3)
  Robin (D:3)
  2 adders (D:2)
  A worm (D:2)
  A dart slug (D:2)
  An orc (D:3)
  A bat (D:2)
  6 endoplasms
  4 giant cockroaches
  11 goblins
  7 hobgoblins
  3 jackals (D:2)
  A kobold (D:1)
  A quokka (D:2)
  4 ball pythons
  A frilled lizard (D:2)
  A rat (D:2)
  4 bushes (D:2)
52 creatures vanquished.

Vanquished Creatures (others)
  2 fungi (D:1)
  2 plants (D:2)
4 creatures vanquished.

Grand Total: 56 creatures vanquished

Notes
Turn   | Place    | Note
-------+----------+-------------------------------------------
     0 | D:1      | jial666 the Troll Berserker began the quest for the Orb.
     0 | D:1      | Reached XP level 1. HP: 22/22 MP: 0/0
    80 | D:1      | Found a faded altar of an unknown god.
   103 | D:1      | Got Plato's Grimoire of Execration
   130 | D:1      | You fall into a shaft and drop 1 floor!
   139 | D:2      | Reached XP level 2. HP: 29/29 MP: 1/1
   927 | D:2      | Reached XP level 3. HP: 36/36 MP: 2/2
  1530 | D:2      | Reached ** piety under Trog
  1715 | D:3      | Found a shimmering blue altar of Sif Muna.
  1722 | D:3      | Reached XP level 4. HP: 36/45 MP: 3/3
  1728 | D:3      | Reached skill level 4 in Unarmed Combat
  1801 | D:3      | Noticed Robin
  1827 | D:3      | Killed Robin
  1828 | D:3      | Reached XP level 5. HP: 16/53 MP: 4/4
  1830 | D:3      | Slain by a goblin

Illustrated notes

Levels and vault maps discovered:
D:1:      amcnicky_arrival_underground_garden, layout_rooms,
          shapermc_ecumenical_altar_rom_forum
D:2:      layout_basic, serial_forest, infiniplex_forest_split,
          infiniplex_forest_corner_2, infiniplex_forest_lined_3_way,
          infiniplex_forest_end_2, infiniplex_forest_clump_diagonal,
          chequers_mini_garden
D:3:      layout_loops_cross, kennysheep_orc_sif_temple, serial_shops,
          nicolae_diamond_shop, minmay_pentangle, uniq_robin,
          uniq_crazy_yiuf_cottage, uniq_sigmund

Skill      XL: |  1  2  3  4 |
---------------+-------------+-----
Dodging        | 3 |  3.3
Fighting       | 3 |  3.2
Unarmed Combat | 4 |  4.2

Action                   |  1- 3 |  4- 6 || total
-------------------------+-------+-------++-------
Melee: Unarmed           |   243 |    32 ||   275
       Punch             |     2 |     1 ||     3
Invok: Berserk           |       |     1 ||     1
Armor: Animal skin       |    38 |    12 ||    50
Dodge: Dodged            |    53 |    20 ||    73

Table legend: (Time is in decaauts)
 A = Elapsed time spent in this place.
 B = Non-inter-level travel time spent in this place.
 C = Inter-level travel time spent in this place.
 D = Time resting spent in this place.
 E = Time spent auto-exploring this place.
 F = Levels seen in this place.
 G = Mean time per level.
                   A        B        C        D        E       F      G
               +--------+--------+--------+--------+--------+-----+--------+
         Total |   1811 |   1792 |     19 |    117 |    566 |   3 |  603.7 |
       Dungeon |   1811 |   1792 |     19 |    117 |    566 |   3 |  603.7 |
               +--------+--------+--------+--------+--------+-----+--------+

Top non-repeatable levels by time:
     D:2: 1177 daAuts
     D:1: 516 daAuts
     D:3: 118 daAuts
